 Dungeon Crawl Stone Soup version 0.31-a0-1074-g0b22e4e0f1 (webtiles) character file.

Game seed: 17783024801781796001

8 BigPumpCobain the Ruffian (level 2, 27/27 HPs)
             Began as a Troll Shapeshifter on Dec 6, 2023.
             Was a Follower of Sif Muna.
             Quit the game on level 1 of the Dungeon.
             The game lasted 00:00:34 (92 turns).

BigPumpCobain the Ruffian (Troll Shapeshifter)        Turns: 92, Time: 00:00:34

Health: 27/27      AC:  4    Str: 21    XL:     2   Next: 0%
Magic:  1/1        EV:  9    Int:  6    God:    Sif Muna [*.....]
Gold:   10         SH:  0    Dex:  9    Spells: 1/1 levels left

rFire   . .          .
                       - Unarmed
rCold   . . .        (no shield)
rNeg    . . .        a - +0 animal skin
rPois   .            (helmet currently unavailable)
rElec   .            (cloak currently unavailable)
rCorr   .            (gloves unavailable)
SInv    .            (boots unavailable)
Will    .....        (no amulet)
Stlth   +            (no ring)
HPRegen 1.04/turn    (no ring)
MPRegen 0.07/turn

%: no passive effects
@: beast-form
A: beast (slay +1), large, unfitting armour, claws 3, regeneration 1, shaggy fur
1, tough skin 1
a: Begin Untransformation, Renounce Religion, Channel Magic


You were on level 1 of the Dungeon.
You worshipped Sif Muna.
Sif Muna was aware of your devotion.
You were a hulking beast.
You visited 1 branch of the dungeon, and saw 1 of its levels.

You collected 10 gold pieces.

Inventory:

Armour
 a - a +0 animal skin (worn)
Jewellery
 g - a ring of wizardry
Talismans
 c - a beast talisman
 d - a flux talisman
Scrolls
 f - a scroll of poison {unknown}
Potions
 b - a potion of lignification
 e - 2 potions of might {unknown}


   Skills:
 + Level 1.2 Fighting
 - Level 1.5 Dodging
 + Level 3.2 Unarmed Combat
 - Level 3.0 Shapeshifting


You had one spell level left.
You didn't know any spells.
Your spell library was empty.

Dungeon Overview and Level Annotations

Branches:
Dungeon (1/15)

Altars:
Sif Muna


Innate Abilities, Weirdness & Mutations

You are a hulking beast.
Your limbs bulge with bestial killing power. (Slay +1)
You are too large for most types of armour.
You have claws for hands.
Your natural rate of healing is unusually fast.
You are covered in fur. (AC +1)
You have tough skin. (AC +1)


Message History

A kobold and a giant cockroach come into view.
Found a plate armour and a club.
The eye of devastation turns its gaze towards you. x2
The kobold shouts!
A ball python comes into view.
The kobold moves out of view.
The giant cockroach bites you but does no damage.
The giant cockroach bites you but does no damage. x2
A bat comes into view.
The giant cockroach bites you but does no damage.
You claw the giant cockroach!
You kill the giant cockroach!
You claw the kobold!
You kill the kobold!
You closely miss the ball python. The bat hits you. The bat barely misses you.
The ball python bites you.
You scratch the ball python.
The ball python is heavily wounded.
The bat hits you but does no damage. The ball python closely misses you.
You scratch the ball python.
You kill the ball python!
The bat hits you but does no damage.
Found a mace.
The bat barely misses you. The bat hits you but does no damage.
There is a faded altar of an unknown god here.
You closely miss the bat. The bat barely misses you. The bat barely misses you.
The bat completely misses you.
You scratch the bat.
You kill the bat!
You have reached level 2!
There is a faded altar of an unknown god here.
This altar belongs to (a) Jiyva, (b) Sif Muna or (c) Xom, but you can't tell which.
Press the corresponding letter to learn more about a god, or press enter to convert or escape to cancel.
Okay, then.
This altar belongs to (a) Jiyva, (b) Sif Muna or (c) Xom, but you can't tell which.
Press the corresponding letter to learn more about a god, or press enter to convert or escape to cancel.
Sif Muna accepts your prayer! Sif Muna welcomes you!
You can now call upon Sif Muna for magical energy.
Unknown command.
Press < or > to pray at altars.
Are you sure you want to abandon this character and quit the game? (Confirm with "yes".)

#.##### ## ##...).. #..
...... ##.###...### ###
##..#G#...#G# ....
#...###...###..)..
#.#....)..........
#.#.....h......... ##
#.#...†...........
.########.#.###...###..###
............#G#...#G# ....
.##########.###...### ...
.#### #....[.... ## .....
........... #####
######..... ##.


You could see a great orb of eyes, 2 eyes of devastation and a glass eye.

Vanquished Creatures
  A giant cockroach (D:1)
  2 goblins (D:1)
  A kobold (D:1)
  2 ball pythons (D:1)
  A bat (D:1)
  A rat (D:1)
8 creatures vanquished.

Notes
Turn   | Place    | Note
-------+----------+-------------------------------------------
     0 | D:1      | BigPumpCobain the Troll Shapeshifter began the quest for
                  | the Orb.
     0 | D:1      | Reached XP level 1. HP: 18/18 MP: 0/0
    33 | D:1      | Reached skill level 1 in Fighting
    73 | D:1      | Noticed a glass eye
    74 | D:1      | Found a faded altar of an unknown god.
    75 | D:1      | Noticed a great orb of eyes
    75 | D:1      | Noticed an eye of devastation
    75 | D:1      | Noticed an eye of devastation
    89 | D:1      | Reached XP level 2. HP: 27/27 MP: 1/1
    91 | D:1      | Prayed at the altar of an unknown god.
    91 | D:1      | Became a worshipper of Sif Muna the Loreminder
    91 | D:1      | Reached * piety under Sif Muna
    92 | D:1      | Quit the game

Illustrated notes

Levels and vault maps discovered:
D:1:      tarquinn_simple_flora_water_b, layout_basic,
          hellmonk_ecumenical_altar_watching_god

Skill      XL: |  1 |
---------------+----+-----
Fighting       | 1 |  1.2
Dodging        | |  1.5
Unarmed Combat | |  3.2
Shapeshifting  | |  3.0

Action                     || total
---------------------------++-------
  Melee: Unarmed           ||    14
 Armour: Animal skin       ||    12
  Dodge: Dodged            ||     9

Table legend: (Time is in decaauts)
 A = Elapsed time spent in this place.
 B = Non-inter-level travel time spent in this place.
 C = Inter-level travel time spent in this place.
 D = Time resting spent in this place.
 E = Time spent auto-exploring this place.
 F = Levels seen in this place.
 G = Mean time per level.
                   A        B        C        D        E       F      G
               +--------+--------+--------+--------+--------+-----+--------+
         Total |     91 |     91 |      0 |      0 |     47 |   1 |   91.0 |
       Dungeon |     91 |     91 |      0 |      0 |     47 |   1 |   91.0 |
               +--------+--------+--------+--------+--------+-----+--------+

Top non-repeatable levels by time:
     D:1: 91 daAuts
